PL
GREENVILLE 84S @ ST. LOUIS COEUR
09/15/2042
 
TOP OF THE 1ST
Greenville 84s batting - Pitching for St. Louis Coeur : LHP Ralph Greer
Pitching: LHP Ralph Greer
Batting: LHB Craig Woods 0-0: Foul Ball, location: 2F
0-1: Swinging Strike
0-2: Foul Ball, location: 2F
0-2: Ball
1-2: Foul Ball, location: 2F
1-2: Ball
2-2: Ball
3-2: SOLO HOME RUN (Flyball, 9LD, EV 102.5 MPH), Distance : 350 ft
Batting: RHB António Macías 0-0: Ball
1-0: Foul Ball, location: 2F
1-1: Fly out, F9 (Flyball, 9D, EV 101.9 MPH)
Batting: RHB Ángelo Delgado 0-0: Called Strike
0-1: Ball
1-1: Ball
2-1: Ball
3-1: Base on Balls
Batting: LHB Philip Visscher 0-0: Foul Ball, location: 2F
0-1: Called Strike
0-2: Fly out, F8 (Flyball, 89M, EV 81.2 MPH)
Batting: RHB António Etxebarria 0-0: Ball
1-0: SINGLE (Line Drive, 89S, EV 87.5 MPH)
Ángelo Delgado to second
Batting: LHB Quincy Wass 0-0: Ball
Wild Pitch!
Ángelo Delgado to third
António Etxebarria to second
1-0: TRIPLE (Groundball, 3L, EV 104.4 MPH)
Ángelo Delgado scores
António Etxebarria scores
Batting: RHB Marcos Luna 0-0: Called Strike
0-1: Ball
1-1: Ball
2-1: Ground out 6-3 (Groundball, 6S, EV 87.5 MPH)
Top of the 1st over - 3 runs, 3 hits, 0 errors, 1 left on base; Greenville 3 - St. Louis 0
BOTTOM OF THE 1ST
St. Louis Coeur batting - Pitching for Greenville 84s : RHP Ignacio Manzanedo
Pitching: RHP Ignacio Manzanedo
Batting: RHB Nobuhisa Murakami 0-0: Ball
1-0: SINGLE (Line Drive, 89M, EV 96.2 MPH)
Batting: LHB Tillmam Cru 0-0: Ball
1-0: Ball
2-0: Foul Ball, location: 2F
2-1: Fly out, F7 (Flyball, 7LS, EV 86.9 MPH)
Batting: LHB Qing-nian Zexian 0-0: Ball
1-0: Foul Ball, location: 2F
1-1: Fly out, F2 (Popup, 2L, EV 95.0 MPH)
Batting: RHB Jaime Soto Pickoff Throw to First - Error! E1
Nobuhisa Murakami to second
0-0: Fly out, F8 (Flyball, 8LM, EV 85.6 MPH)
Bottom of the 1st over - 0 runs, 1 hit, 1 error, 1 left on base; Greenville 3 - St. Louis 0
TOP OF THE 2ND
Greenville 84s batting - Pitching for St. Louis Coeur : LHP Ralph Greer
Batting: LHB Lung Chaim 0-0: Ground out 1-3 (Groundball, 13S, EV 72.5 MPH)
Batting: RHB Wally Briggs 0-0: DOUBLE (Groundball, 5L, EV 95.0 MPH)
Batting: LHB Craig Woods 0-0: Ball
1-0: Called Strike
1-1: Swinging Strike
1-2: Foul Ball, location: 2F
1-2: Strikes out swinging
Batting: RHB António Macías 0-0: Ball
1-0: Called Strike
1-1: Ball
2-1: Foul Ball, location: 2F
2-2: Foul Ball, location: 2F
2-2: Strikes out looking
Top of the 2nd over - 0 runs, 1 hit, 0 errors, 1 left on base; Greenville 3 - St. Louis 0
BOTTOM OF THE 2ND
St. Louis Coeur batting - Pitching for Greenville 84s : RHP Ignacio Manzanedo
Batting: LHB Jae-seop Byeon 0-0: Ball
1-0: Foul Ball, location: 2F
1-1: Foul Ball, location: 2F
1-2: Strikes out looking
Batting: RHB Guillermo Coss 0-0: Ball
1-0: Swinging Strike
1-1: Ball
2-1: SINGLE (Groundball, 3D, EV 102.5 MPH)
Batting: RHB Joel Iyiegbuniwe 0-0: Ball
1-0: Ball
2-0: Fly out, F9 (Flyball, 89S, EV 86.9 MPH)
Batting: RHB Ik-jun Cho 0-0: Fly out, F4 (Line Drive, 4, EV 70.6 MPH)
Bottom of the 2nd over - 0 runs, 1 hit, 0 errors, 1 left on base; Greenville 3 - St. Louis 0
TOP OF THE 3RD
Greenville 84s batting - Pitching for St. Louis Coeur : LHP Ralph Greer
Batting: RHB Ángelo Delgado 0-0: Foul Ball, location: 2F
0-1: Foul Ball, location: 2F
0-2: Foul Ball, location: 2F
0-2: Ball
1-2: Fly out, F8 (Flyball, 89D, EV 88.1 MPH)
Batting: LHB Philip Visscher 0-0: Called Strike
0-1: Ball
1-1: Foul Ball, location: 2F
1-2: Ball
2-2: Foul Ball, location: 2F
2-2: Foul Ball, location: 2F
2-2: Strikes out looking
Batting: RHB António Etxebarria 0-0: Foul Ball, location: 2F
0-1: Called Strike
0-2: Strikes out swinging
Top of the 3rd over - 0 runs, 0 hits, 0 errors, 0 left on base; Greenville 3 - St. Louis 0
BOTTOM OF THE 3RD
St. Louis Coeur batting - Pitching for Greenville 84s : RHP Ignacio Manzanedo
Batting: LHB Pedro Marrero 0-0: Ball
1-0: Called Strike
1-1: SINGLE (Line Drive, 89S, EV 86.2 MPH)
Batting: RHB Nobuhisa Murakami 0-0: Called Strike
0-1: Ball
1-1: Ball
2-1: Swinging Strike
2-2: Fielders Choice at 2nd, 4-6 (Groundball, 34, EV 84.4 MPH)
Batting: LHB Tillmam Cru 0-0: Ball
1-0: Swinging Strike
1-1: Called Strike
1-2: Strikes out swinging
Batting: LHB Qing-nian Zexian 0-0: Fielders Choice at 2nd, 6-4 (Groundball, 6, EV 88.8 MPH)
Bottom of the 3rd over - 0 runs, 1 hit, 0 errors, 1 left on base; Greenville 3 - St. Louis 0
TOP OF THE 4TH
Greenville 84s batting - Pitching for St. Louis Coeur : LHP Ralph Greer
Batting: LHB Quincy Wass 0-0: Called Strike
0-1: Swinging Strike
0-2: Ground out 1-3 (Groundball, 34S, EV 84.4 MPH)
Batting: RHB Marcos Luna 0-0: Foul Ball, location: 2F
0-1: Swinging Strike
0-2: Ball
1-2: Strikes out swinging, 2-3 out at first.
Batting: LHB Lung Chaim 0-0: Ball
1-0: Foul Ball, location: 2F
1-1: Ball
2-1: Ball
3-1: Base on Balls
Batting: RHB Wally Briggs 0-0: Ball
Lung Chaim is caught stealing 2nd base 2-4
Top of the 4th over - 0 runs, 0 hits, 0 errors, 0 left on base; Greenville 3 - St. Louis 0
BOTTOM OF THE 4TH
St. Louis Coeur batting - Pitching for Greenville 84s : RHP Ignacio Manzanedo
Batting: RHB Jaime Soto 0-0: Foul Ball, location: 2F
0-1: Fly out, F7 (Flyball, 7, EV 90.6 MPH)
Batting: LHB Jae-seop Byeon 0-0: Called Strike
0-1: Ball
1-1: Ball
2-1: Swinging Strike
2-2: Foul Ball, location: 2F
2-2: Fly out, F8 (Flyball, 8RXD, EV 89.4 MPH)
Batting: RHB Guillermo Coss 0-0: Swinging Strike
0-1: Ball
1-1: Ball
2-1: Ground out 6-3 (Groundball, 56, EV 84.4 MPH)
Bottom of the 4th over - 0 runs, 0 hits, 0 errors, 0 left on base; Greenville 3 - St. Louis 0
TOP OF THE 5TH
Greenville 84s batting - Pitching for St. Louis Coeur : LHP Ralph Greer
Batting: RHB Wally Briggs 0-0: Ball
1-0: Foul Ball, location: 2F
1-1: Ground out 4-3 (Groundball, 4M, EV 84.4 MPH)
Batting: LHB Craig Woods 0-0: Reached on error, E5 (Line Drive, 5, EV 72.5 MPH)
Batting: RHB António Macías 0-0: Called Strike
0-1: Swinging Strike
0-2: Ball
1-2: Strikes out swinging
Batting: RHB Ángelo Delgado 0-0: Ground out 6-3 (Groundball, 6MS, EV 85.0 MPH)
Top of the 5th over - 0 runs, 0 hits, 1 error, 1 left on base; Greenville 3 - St. Louis 0
BOTTOM OF THE 5TH
St. Louis Coeur batting - Pitching for Greenville 84s : RHP Ignacio Manzanedo
Batting: RHB Joel Iyiegbuniwe 0-0: Ball
1-0: Called Strike
1-1: Foul Ball, location: 2F
1-2: Foul Ball, location: 2F
1-2: Ground out U3 (Groundball, 34, EV 77.5 MPH)
Batting: RHB Ik-jun Cho 0-0: Called Strike
0-1: Foul Ball, location: 2F
0-2: Ball
1-2: Ball
2-2: Strikes out looking
Batting: LHB Pedro Marrero 0-0: Ball
1-0: Called Strike
1-1: Ball
2-1: Fly out, F7 (Line Drive, 7, EV 95.6 MPH)
Bottom of the 5th over - 0 runs, 0 hits, 0 errors, 0 left on base; Greenville 3 - St. Louis 0
TOP OF THE 6TH
Greenville 84s batting - Pitching for St. Louis Coeur : LHP Ralph Greer
Batting: LHB Philip Visscher 0-0: Called Strike
0-1: Ball
1-1: Ball
2-1: Ball
3-1: Foul Ball, location: 2F
3-2: Foul Ball, location: 2F
3-2: Foul Ball, location: 2F
3-2: Fly out, F8 (Flyball, 8LD, EV 93.1 MPH)
Batting: RHB António Etxebarria 0-0: Ball
1-0: Called Strike
1-1: Ground out 4-3 (Groundball, 4D, EV 103.8 MPH)
Batting: LHB Quincy Wass 0-0: Swinging Strike
0-1: Foul Ball, location: 2F
0-2: Ground out 4-3 (Groundball, 4, EV 88.1 MPH)
Top of the 6th over - 0 runs, 0 hits, 0 errors, 0 left on base; Greenville 3 - St. Louis 0
BOTTOM OF THE 6TH
St. Louis Coeur batting - Pitching for Greenville 84s : RHP Ignacio Manzanedo
Batting: RHB Nobuhisa Murakami 0-0: Ball
1-0: Foul Ball, location: 2F
1-1: Fly out, F7 (Flyball, 78M, EV 90.6 MPH)
Batting: LHB Tillmam Cru 0-0: Ball
1-0: Called Strike
1-1: Ball
2-1: Foul Ball, location: 2F
2-2: Ball
3-2: Ground out 4-3 (Groundball, 4, EV 75.6 MPH)
Batting: LHB Qing-nian Zexian 0-0: Foul Ball, location: 2F
0-1: Foul Ball, location: 2F
0-2: Ball
1-2: Ball
2-2: Foul Ball, location: 2F
2-2: Ball
3-2: SINGLE (Line Drive, 7S, EV 97.5 MPH)
Pitching: RHP Rubén Vázquez
Batting: RHB Jaime Soto 0-0: Ball
1-0: Foul Ball, location: 2F
1-1: Ball
2-1: Called Strike
2-2: Ball
3-2: SINGLE (Line Drive, 9S, EV 86.9 MPH)
Qing-nian Zexian to second
Qing-nian Zexian to third
Batting: LHB Jae-seop Byeon 0-0: Called Strike
0-1: Ball
1-1: Ball
2-1: Ball
3-1: Foul Ball, location: 2F
3-2: Base on Balls
Jaime Soto to second
Batting: RHB Guillermo Coss 0-0: Ball
1-0: Called Strike
1-1: Swinging Strike
1-2: Ball
2-2: SINGLE (Line Drive, 78S, EV 91.9 MPH)
Qing-nian Zexian scores
Jaime Soto to third
Jae-seop Byeon to second
Runner from 3rd tries for Home, SAFE, no throw by CF
Batting: RHB Joel Iyiegbuniwe 0-0: Foul Ball, location: 2F
0-1: Swinging Strike
0-2: Ball
1-2: Strikes out swinging
Bottom of the 6th over - 2 runs, 3 hits, 0 errors, 2 left on base; Greenville 3 - St. Louis 2
TOP OF THE 7TH
Greenville 84s batting - Pitching for St. Louis Coeur : LHP Ralph Greer
Pitching: RHP Marcel Bloemheuvel
Batting: RHB Marcos Luna 0-0: Ground out 6-3 (Groundball, 6S, EV 71.2 MPH)
Batting: LHB Lung Chaim 0-0: Ball
1-0: Swinging Strike
1-1: Ball
2-1: Fly out, F7 (Flyball, 78XD, EV 94.4 MPH)
Batting: RHB Wally Briggs 0-0: Ball
1-0: Fly out, F7 (Flyball, 7LS, EV 84.4 MPH)
Top of the 7th over - 0 runs, 0 hits, 0 errors, 0 left on base; Greenville 3 - St. Louis 2
BOTTOM OF THE 7TH
St. Louis Coeur batting - Pitching for Greenville 84s : RHP Rubén Vázquez
Pitching: RHP Derek May
Batting: RHB Ik-jun Cho 0-0: Ball
1-0: Foul Ball, location: 2F
1-1: Called Strike
1-2: Ball
2-2: Ground out 6-3 (Groundball, 6D, EV 101.2 MPH)
Batting: LHB Pedro Marrero 0-0: Ball
1-0: Swinging Strike
1-1: Foul Ball, location: 2F
1-2: Ball
2-2: Foul Ball, location: 2F
2-2: Ground out 4-3 (Groundball, 4, EV 91.2 MPH)
Batting: RHB Nobuhisa Murakami 0-0: Called Strike
0-1: Ball
1-1: Called Strike
1-2: SINGLE (Line Drive, 4D, EV 97.5 MPH)
Batting: LHB Tillmam Cru 0-0: Foul Ball, location: 2F
0-1: Ball
1-1: Ball
2-1: Foul Ball, location: 2F
2-2: Foul Ball, location: 2F
2-2: Ball
3-2: Ground out 4-3 (Groundball, 4S, EV 88.1 MPH)
Bottom of the 7th over - 0 runs, 1 hit, 0 errors, 1 left on base; Greenville 3 - St. Louis 2
TOP OF THE 8TH
Greenville 84s batting - Pitching for St. Louis Coeur : RHP Marcel Bloemheuvel
Batting: LHB Craig Woods 0-0: Swinging Strike
0-1: Ball
1-1: Swinging Strike
1-2: Strikes out looking
Batting: RHB António Macías 0-0: Fly out, F9 (Flyball, 89S, EV 86.2 MPH)
Batting: RHB Ángelo Delgado 0-0: Hit by Pitch
Batting: LHB Philip Visscher 0-0: Ball
1-0: Ball
2-0: Ground out U3 (Groundball, 3L, EV 96.2 MPH)
Top of the 8th over - 0 runs, 0 hits, 0 errors, 1 left on base; Greenville 3 - St. Louis 2
BOTTOM OF THE 8TH
St. Louis Coeur batting - Pitching for Greenville 84s : RHP Derek May
Batting: LHB Qing-nian Zexian 0-0: Foul Ball, location: 2F
0-1: Ball
1-1: Foul Ball, location: 2F
1-2: Strikes out swinging
Batting: RHB Jaime Soto 0-0: Called Strike
0-1: Foul Ball, location: 2F
0-2: Ball
1-2: Ball
2-2: Foul Ball, location: 2F
2-2: Strikes out swinging
Batting: LHB Jae-seop Byeon 0-0: Swinging Strike
0-1: Foul Ball, location: 2F
0-2: Ball
1-2: Strikes out swinging
Bottom of the 8th over - 0 runs, 0 hits, 0 errors, 0 left on base; Greenville 3 - St. Louis 2
TOP OF THE 9TH
Greenville 84s batting - Pitching for St. Louis Coeur : RHP Marcel Bloemheuvel
Batting: RHB António Etxebarria 0-0: Fly out, F3 (Line Drive, 3, EV 64.4 MPH)
Batting: LHB Quincy Wass 0-0: Foul Ball, location: 2F
0-1: Ball
1-1: Ground out U3 (Groundball, 3, EV 106.9 MPH)
Batting: RHB Marcos Luna 0-0: Ball
1-0: Called Strike
1-1: Ball
2-1: Foul Ball, location: 2F
2-2: Strikes out swinging
Top of the 9th over - 0 runs, 0 hits, 0 errors, 0 left on base; Greenville 3 - St. Louis 2
BOTTOM OF THE 9TH
St. Louis Coeur batting - Pitching for Greenville 84s : RHP Derek May
Batting: RHB Guillermo Coss 0-0: Ball
1-0: Swinging Strike
1-1: Foul Ball, location: 2F
1-2: Foul Ball, location: 2F
1-2: Foul Ball, location: 2F
1-2: Strikes out swinging
Pinch Hitting: LHB Michael Malloy 0-0: Foul Ball, location: 2F
0-1: Ball
1-1: Ball
2-1: Ball
3-1: Base on Balls
Pitching: RHP Job Janssen
Batting: RHB Ik-jun Cho 0-0: Grounds into double play, 6-4-3 (Groundball, 6, EV 83.8 MPH)
Bottom of the 9th over - 0 runs, 0 hits, 0 errors, 0 left on base; Greenville 3 - St. Louis 2
Friday, March 26th, 2021 - OOTP Baseball 20.8 Build 74